 Dungeon Crawl Stone Soup version 0.30-a0-389-g8d7d949f56 (webtiles) character file.

Game seed: 9649358688881314903

4872 pokeman the Thaumaturge (level 10, -2/54 (56) HPs)
             Began as a Deep Elf Hedge Wizard on Dec 4, 2022.
             Was an Initiate of Vehumet.
             Slain by a wight
             ... wielding a +2 dire flail of freezing
              (5 damage)
             ... on level 8 of the Dungeon.
             The game lasted 00:20:50 (10426 turns).

pokeman the Thaumaturge (Deep Elf Hedge Wizard)    Turns: 10426, Time: 00:20:50

HP:   -2/54 (56)    AC:  5    Str: 13    XL:     10   Next: 26%
MP:   23/29         EV: 12    Int: 24    God:    Vehumet [......]
Gold: 245           SH:  0    Dex: 14    Spells: 28/36 levels left

rFire   . . .      SeeInvis .    E - +1 dire flail (venom)
rCold   . . .      Faith    .    (shield currently unavailable)
rNeg    . . .      Spirit   .    I - +0 leather armour
rPois   .          Reflect  .    s - +0 helmet
rElec   .          Harm     .    o - scarf {repulsion}
rCorr   +          Rampage  .    e - +0 pair of gloves
Will    +....                    (no boots)
Stlth   ++........               (no amulet)
HPRegen 0.29/turn                r - +6 ring of strength
MPRegen 0.21/turn                u - ring of resist corrosion

@: studying Necromancy, lightly drained, repel missiles
A: no striking features
a: Renounce Religion


You were on level 8 of the Dungeon.
You worshipped Vehumet.
Vehumet was noncommittal.
You visited 2 branches of the dungeon, and saw 9 of its levels.

You collected 395 gold pieces.
You spent 150 gold pieces at shops.

Inventory:

Hand Weapons
 g - a +1 whip of electrocution
 E - a +1 dire flail of venom (weapon)
Missiles
 w - 2 throwing nets
 J - 3 curare-tipped darts
Armour
 e - a +0 pair of gloves (worn)
 o - a scarf of repulsion (worn)
 s - a +0 helmet (worn)
 G - a +2 tower shield
 I - a +0 leather armour (worn)
Jewellery
 r - a +6 ring of strength (left hand)
 u - a ring of resist corrosion (right hand)
 y - an amulet of guardian spirit
 A - a +6 ring of strength
 M - a ring of protection from fire
Wands
 t - a wand of charming (5)
 C - a wand of flame (18)
 K - a wand of iceblast (3)
Scrolls
 a - a scroll of silence
 b - 2 scrolls of vulnerability
 c - 4 scrolls of poison
 i - a scroll of amnesia
 j - 4 scrolls of immolation
 k - a scroll of enchant weapon
 l - 8 scrolls of teleportation
 p - a scroll of fear
 B - a scroll of torment
 D - a scroll of blinking
 F - a scroll of brand weapon
 H - a scroll of magic mapping
Potions
 d - a potion of magic
 f - 4 potions of attraction {unknown}
 h - a potion of heal wounds {unknown}
 m - a potion of mutation {unknown}
 n - a potion of haste {unknown}
 q - 5 potions of curing {unknown}
 v - a potion of cancellation {unknown}
 x - a potion of might
 z - 2 potions of lignification {unknown}
 L - a potion of degeneration {unknown}


   Skills:
 + Level 3.2 Fighting
 - Level 3.0 Armour
 - Level 3.0 Dodging
 - Level 3.0 Stealth
 - Level 3.0 Shields
 * Level 13.6 Spellcasting
 + Level 7.7 Conjurations
 - Level 1.1 Summonings
 + Level 7.7 Necromancy
 - Level 1.1 Translocations
 - Level 1.0 Air Magic
 - Level 1.0 Poison Magic
 - Level 1.3 Evocations


You had 28 spell levels left.
You knew the following spells:

 Your Spells              Type           Power      Damage    Failure   Level
a - Magic Dart            Conj           100%       1d8       1%          1
b - Mephitic Cloud        Conj/Pois/Air  32%        N/A       3%          3
c - Call Imp              Summ           21%        N/A       4%          2
d - Blink                 Tloc           42%        N/A       4%          2

Your spell library contained the following spells:

 Spells                   Type           Power      Damage    Failure   Level
 Cigotuvi's Dreadful Rot  Necr/Pois/Air  62%        N/A       1%          2
 Slow                     Hex            64%        N/A       4%          1
 Anguish                  Hex/Necr       17%        N/A       10%         4
 Ozocubu's Armour         Ice            16%        N/A       14%         3
 Enfeeble                 Hex            8%         N/A       100%        7
 Ozocubu's Refrigeration  Ice            8%         4d9       100%        7
 Borgnjor's Revivificati  Necr           26%        N/A       100%        8
 Necromutation            Tmut/Necr      17%        N/A       100%        8
 Death's Door             Necr           26%        N/A       100%        9


Dungeon Overview and Level Annotations

Branches:
Dungeon (8/15)             Temple (1/1) D:7
   Lair: D:8-11

Altars:
Cheibriados
Dithmenos
Elyvilon
Fedhas
Gozag
Kikubaaqudgha
Nemelex Xobeh
Qazlal
Ru
Sif Muna
Trog
Vehumet
Wu Jian
Xom
Zin
The Shining One

Shops:
D:2 (   D:4 [?(

Annotations:
D:4 3 runed translucent doors, thurberlil's ghost, amateur HuSu


Message History

The wight hits you with a +2 dire flail of freezing!
The wight freezes you!
You closely miss the wight.
The wight is severely damaged.
The wight hits you with a +2 dire flail of freezing!
The wight freezes you.
* * * LOW HITPOINT WARNING * * *
Your crimson imp hits the wight but does no damage.
Unknown command.
The wight completely misses your crimson imp.
Your crimson imp hits the wight but does no damage.
Casting: Call Imp (safe; 4% risk of failure)
Confirm with . or Enter, or press ? or * to list all spells.
Aiming: Magic Dart (safe; 1% risk of failure)
Press: ? - help, Shift-Dir - straight line, f/p - wight
Aim: a wight, wielding a +2 dire flail of freezing and wearing a +0 robe (severely damaged, not watching you, ally target, 100% to hit)
The magic dart hits the wight but does no damage.
The wight is severely damaged.
Unknown command.
Unknown command.
Casting: Magic Dart (safe; 1% risk of failure)
Confirm with . or Enter, or press ? or * to list all spells.
Aiming: Magic Dart (safe; 1% risk of failure)
Press: ? - help, Shift-Dir - straight line, f/p - wight
Aim: a wight, wielding a +2 dire flail of freezing and wearing a +0 robe (severely damaged, ally target, 100% to hit)
The magic dart hits the wight but does no damage.
The wight is severely damaged.
The wight misses you.
Your crimson imp hits the wight but does no damage.
Casting: Magic Dart (safe; 1% risk of failure)
Confirm with . or Enter, or press ? or * to list all spells.
Aiming: Magic Dart (safe; 1% risk of failure)
Press: ? - help, Shift-Dir - straight line, f/p - wight
Aim: a wight, wielding a +2 dire flail of freezing and wearing a +0 robe (severely damaged, ally target, 100% to hit)
The magic dart hits the wight but does no damage.
The wight is severely damaged.
The wight hits you with a +2 dire flail of freezing!
* * * LOW HITPOINT WARNING * * *
The wight freezes you.
You die...

#............)...#.#....[....
#........##).).)...#.<..####O
#####....##)########....o...!
#....##.# #...zz....
#....##.# #.#......g
#######.# #.....g.<. #.#
......|#g.
#.#####.#######.#..
#.@z5.....# .#.. #######.#.#
#.. #.. ###


You could see a wight (ally target) and a friendly crimson imp (summoned).

Vanquished Creatures
  2 two-headed ogres
  Pikel (D:5)
  Menkaure (D:7)
  Edmund (D:5)
  An orc warrior (D:7)
  3 black bears
  A sky beast (D:7)
  3 ice beasts
  An ogre (D:4)
  3 centaurs (D:6)
  3 lemures (D:5)
  A bullfrog (D:6)
  2 scorpions (D:5)
  A gnoll sergeant (D:7)
  2 wights
  8 killer bees
  A howler monkey (D:7)
  An iron imp (D:6)
  2 orc priests
  2 gnoll boudas
  3 hounds
  9 jellies
  3 iguanas (D:5)
  An orc wizard (D:6)
  Natasha (thrice) (D:4)
  Robin (D:2)
  19 gnolls
  6 adders
  2 shadow imps
  A white imp (D:6)
  4 worms
  21 orcs
  4 bats
  16 endoplasms
  3 giant cockroaches
  15 goblins
  12 hobgoblins
  3 jackals (D:1)
  7 kobolds
  3 quokkas
  7 ball pythons
  8 frilled lizards
  A goblin zombie (D:6)
  A hobgoblin zombie (D:6)
  A kobold skeleton (D:6)
  2 orc skeletons (D:6)
  2 orc zombies (D:6)
  6 rats
204 creatures vanquished.

Vanquished Creatures (collateral kills)
  A slime creature (D:7)
  A gnoll (D:7)
  4 endoplasms (D:7)
  2 hobgoblins (D:2)
8 creatures vanquished.

Vanquished Creatures (others)
  5 fungi (D:7)
5 creatures vanquished.

Grand Total: 217 creatures vanquished

Notes
Turn   | Place    | Note
-------+----------+-------------------------------------------
     0 | D:1      | pokeman the Deep Elf Hedge Wizard began the quest for the
                  | Orb.
     0 | D:1      | Reached XP level 1. HP: 10/10 MP: 7/7
   231 | D:1      | Found a faded altar of an unknown god.
   327 | D:1      | You fall into a shaft and drop 1 floor!
   367 | D:2      | Reached XP level 2. HP: 16/16 MP: 7/9
   849 | D:1      | Reached skill level 5 in Spellcasting
   975 | D:1      | Reached XP level 3. HP: 20/20 MP: 11/11
   993 | D:1      | Learned a level 3 spell: Mephitic Cloud
   996 | D:1      | Learned a level 2 spell: Call Imp
   999 | D:1      | Learned a level 2 spell: Blink
  1487 | D:2      | Noticed Robin
  1504 | D:2      | Reached skill level 1 in Fighting
  1513 | D:2      | HP: 1/20 [hobgoblin[Robin] (5)]
  1519 | D:2      | HP: 1/20 [hobgoblin[Robin] (2)]
  1530 | D:2      | HP: 1/20 [hobgoblin[Robin] (2)]
  1569 | D:2      | Found Ymaan's Antique Weapon Emporium.
  1795 | D:2      | Reached skill level 1 in Armour
  2047 | D:2      | Reached XP level 4. HP: 25/25 MP: 6/13
  2561 | D:2      | Killed Robin
  3051 | D:3      | Found a blossoming altar of Fedhas.
  3298 | D:3      | Reached skill level 6 in Spellcasting
  3298 | D:3      | Reached XP level 5. HP: 8/29 MP: 1/15
  3992 | D:3      | Found an ancient bone altar of Kikubaaqudgha.
  4092 | D:4      | Noticed a black bear
  4112 | D:4      | Killed a black bear
  4113 | D:4      | Reached skill level 1 in Air Magic
  4113 | D:4      | Reached skill level 1 in Evocations
  4327 | D:4      | Found Wepnea's Weapon Boutique.
  4343 | D:4      | Found Minuege's Magic Scroll Emporium.
  4352 | D:4      | Bought a scroll of blinking for 90 gold pieces
  4352 | D:4      | Bought a scroll of noise for 12 gold pieces
  4352 | D:4      | Bought a scroll of identify for 24 gold pieces
  4352 | D:4      | Bought a scroll of identify for 24 gold pieces
  4459 | D:4      | Found a runed translucent gate.
  4459 | D:4      | Found a runed translucent gate.
  4459 | D:4      | Found a runed translucent gate.
  4482 | D:4      | Reached XP level 6. HP: 34/34 MP: 10/17
  4635 | D:4      | Noticed thurberlil's ghost (amateur HuSu)
  4701 | D:4      | Noticed Natasha
  4707 | D:4      | Killed Natasha
  4708 | D:4      | Reached skill level 7 in Spellcasting
  4708 | D:4      | Reached skill level 1 in Poison Magic
  4920 | D:4      | Noticed Natasha
  5019 | D:4      | Killed Natasha
  5132 | D:4      | Noticed Natasha
  5139 | D:4      | Killed Natasha
  5223 | D:4      | Reached XP level 7. HP: 19/40 MP: 5/20
  5322 | D:4      | Found Muhoarr's Antique Armour Boutique.
  5701 | D:5      | Entered Level 5 of the Dungeon
  5728 | D:5      | Noticed Edmund
  5731 | D:5      | Noticed Pikel
  5767 | D:5      | Killed Pikel
  5768 | D:5      | Reached skill level 9 in Spellcasting
  5769 | D:5      | Killed Edmund
  5770 | D:5      | Reached XP level 8. HP: 23/44 MP: 1/23
  5915 | D:5      | Reached skill level 5 in Conjurations
  6267 | D:5      | Reached skill level 10 in Spellcasting
  7110 | D:6      | Reached skill level 1 in Shields
  7275 | D:6      | Found an ornate altar of the Wu Jian Council.
  7436 | D:6      | Reached skill level 1 in Necromancy
  7481 | D:6      | Reached skill level 11 in Spellcasting
  7626 | D:6      | Reached XP level 9. HP: 26/48 MP: 24/26
  7840 | D:6      | Found a glowing golden altar of the Shining One.
  8179 | D:7      | Noticed a two-headed ogre
  8199 | D:7      | Killed a two-headed ogre
  8205 | D:7      | Reached skill level 12 in Spellcasting
  8260 | D:7      | Reached skill level 5 in Necromancy
  8845 | D:7      | Noticed Menkaure
  8852 | D:7      | Killed Menkaure
  9021 | D:7      | Reached skill level 13 in Spellcasting
  9237 | D:7      | Found a staircase to the Ecumenical Temple.
  9242 | Temple   | Entered the Ecumenical Temple
  9331 | Temple   | Became a worshipper of Vehumet
  9533 | D:7      | Reached XP level 10. HP: 19/53 MP: 25/29
  9653 | D:8      | Noticed a two-headed ogre
 10151 | D:8      | Killed a two-headed ogre
 10426 | D:8      | Slain by a wight

Illustrated notes

Levels and vault maps discovered:
D:1:      dpeg_arrival_snail, layout_basic, hellmonk_ecumenical_altar_zigzags
D:2:      layout_basic, serial_shops, shop, nicolae_kite_square_tiling_tiny,
          minmay_randomly_rotated_circles, uniq_robin
D:3:      layout_basic, mainiacjoe_overflow_cross_hatched,
          mainiacjoe_overflow_brackets
D:4:      layout_basic, biasface_ghost_orc_armoury, serial_shops,
          nicolae_lakefront_shop, shop, shop, uniq_natasha
D:5:      layout_basic, chequers_serial_rivers_large_a, eino_tiny_chamber,
          uniq_edmund, uniq_pikel
D:6:      layout_loops_corners, nicolae_overflow_hidden_temple,
          nicolae_tso_besieged_by_evil, minmay_manual_mares
D:7:      lemuel_slime, layout_rooms, minmay_temple_entry_nine_rooms,
          chequers_serial_rivers_small_b, hangedman_abyss_or_decor_lesser_grid,
          uniq_menkaure
D:8:      layout_basic, general_overflow_altar, minitemple
Temple:   hellmonk_temple_forest_ring

Skill      XL: |  1  2  3  4  5  6  7  8  9 10 |
---------------+-------------------------------+-----
Spellcasting   | 5 6 7 9 11 13 | 13.6
Fighting       | 1 2 3 |  3.2
Conjurations   | 2 3 4 6 7 |  7.7
Armour         | 1 2 3 |  3.0
Stealth        | 3 |  3.0
Dodging        | 3 |  3.0
Air Magic      | 1 |  1.0
Evocations     | 1 |  1.3
Poison Magic   | 1 |  1.0
Shields        | 1 3 |  3.0
Necromancy     | 2 6 7 |  7.7
Summonings     | |  1.1
Translocations | |  1.1

Action                   |  1- 3 |  4- 6 |  7- 9 | 10-12 || total
-------------------------+-------+-------+-------+-------++-------
Melee: War axe           |     6 |       |       |       ||     6
       Whip              |    21 |    58 |    16 |       ||    95
       Punch             |       |       |     1 |       ||     1
       Dire flail        |       |       |   116 |    31 ||   147
Throw: Dart              |       |       |     1 |     2 ||     3
 Cast: Magic Dart        |   103 |   122 |   162 |    42 ||   429
       Blink             |     1 |     3 |     2 |     2 ||     8
       Call Imp          |     1 |     1 |    10 |     5 ||    17
       Mephitic Cloud    |       |    18 |    25 |     5 ||    48
Evoke: Wand              |       |       |     4 |       ||     4
  Use: Scroll            |       |     5 |     6 |       ||    11
 Stab: Sleeping          |     2 |       |       |     1 ||     3
       Confused          |       |     9 |    10 |       ||    19
       Distracted        |       |       |     1 |       ||     1
Armor: Robe              |     7 |    13 |     5 |       ||    25
       Leather armour    |       |       |    16 |     4 ||    20
Dodge: Dodged            |    36 |    58 |   104 |    31 ||   229

Table legend: (Time is in decaauts)
 A = Elapsed time spent in this place.
 B = Non-inter-level travel time spent in this place.
 C = Inter-level travel time spent in this place.
 D = Time resting spent in this place.
 E = Time spent auto-exploring this place.
 F = Levels seen in this place.
 G = Mean time per level.
                   A        B        C        D        E       F      G
               +--------+--------+--------+--------+--------+-----+--------+
         Total |  10495 |  10195 |    300 |    746 |   7819 |   9 | 1166.1 |
       Dungeon |  10396 |  10104 |    292 |    746 |   7746 |   8 | 1299.5 |
        Temple |     98 |     90 |      8 |      0 |     73 |   1 |   98.0 |
               +--------+--------+--------+--------+--------+-----+--------+

Top non-repeatable levels by time:
     D:4: 1572 daAuts
     D:7: 1537 daAuts
     D:2: 1516 daAuts
     D:6: 1363 daAuts
     D:1: 1356 daAuts
     D:3: 1266 daAuts
     D:5: 1126 daAuts
     D:8: 657 daAuts
  Temple: 98 daAuts
